PCL
ALBUQUERQUE ISOTOPES @ WALLA WALLA ALL-STARS
09/11/2023
 
TOP OF THE 1ST
Albuquerque Isotopes batting - Pitching for Walla Walla All-Stars : RHP William Tagg
Pitching: RHP William Tagg
Batting: RHB Adrián García 0-0: Called Strike
0-1: Ball
1-1: SOLO HOME RUN (Flyball, 8LXD), Distance : 417 ft
Batting: LHB David Griffin 0-0: Ball
1-0: Called Strike
1-1: Ball
2-1: Ball
3-1: Base on Balls
Batting: RHB Edward Young 0-0: Called Strike
0-1: Ground out 5-3 (Groundball, 5S)
David Griffin to second
Batting: LHB Juan Carlos Sánchez 0-0: Ball
1-0: Ground out 4-3 (Groundball, 4M)
David Griffin to third
Batting: RHB Adrian Prouse 0-0: Ball
1-0: Called Strike
1-1: Foul Ball, location: 2F
1-2: Ball
2-2: Ball
3-2: Strikes out swinging
Top of the 1st over - 1 run(s), 1 hit(s), 0 error(s), 1 left on base; Albuquerque 1 - Walla Walla 0
BOTTOM OF THE 1ST
Walla Walla All-Stars batting - Pitching for Albuquerque Isotopes : RHP Juan Marín
Pitching: RHP Juan Marín
Batting: LHB Mike Young 0-0: Called Strike
0-1: Called Strike
0-2: Ball
1-2: Strikes out swinging
Batting: RHB Pablo Lucero 0-0: Ball
1-0: Ball
2-0: TRIPLE (Line Drive, 5L)
Batting: RHB Lorenzo Morín 0-0: Called Strike
0-1: Foul Ball, location: 2F
0-2: Strikes out swinging
Batting: RHB Claudio Guerra 0-0: Ball
1-0: Ball
2-0: Called Strike
2-1: Called Strike
2-2: Ball
3-2: Fly out, F8 (Flyball, 8RD)
Bottom of the 1st over - 0 run(s), 1 hit(s), 0 error(s), 1 left on base; Albuquerque 1 - Walla Walla 0
TOP OF THE 2ND
Albuquerque Isotopes batting - Pitching for Walla Walla All-Stars : RHP William Tagg
Batting: LHB Donald Camp 0-0: DOUBLE (Flyball, 7LS)
Batting: RHB Roberto Cardona 0-0: Ball
1-0: Ball
2-0: Ball
3-0: Base on Balls
Batting: RHB Len Burke 0-0: Ball
1-0: Ball
2-0: Called Strike
2-1: Ball
3-1: DOUBLE (Flyball, 8RD)
Donald Camp scores
Roberto Cardona to third
Batting: LHB Mark Vestal 0-0: Called Strike
0-1: Ball
1-1: Ball
2-1: Fly out, F8 (Flyball, 8LM)
Runner from 3rd tags up, SCORES, no throw
Batting: RHB Adrián García 0-0: Ball
1-0: Ball
2-0: Swinging Strike
2-1: Foul Ball, location: 2F
2-2: Ball
3-2: Strikes out swinging
Batting: LHB David Griffin 0-0: Called Strike
0-1: Ball
1-1: Foul Ball, location: 2F
1-2: Foul Ball, location: 2F
1-2: Ball
2-2: DOUBLE (Line Drive, 8LXD)
Len Burke scores
Batting: RHB Edward Young 0-0: Called Strike
0-1: Swinging Strike
0-2: Strikes out swinging
Top of the 2nd over - 3 run(s), 3 hit(s), 0 error(s), 1 left on base; Albuquerque 4 - Walla Walla 0
BOTTOM OF THE 2ND
Walla Walla All-Stars batting - Pitching for Albuquerque Isotopes : RHP Juan Marín
Batting: SHB Clinton Watson 0-0: Ball
1-0: Ball
2-0: Called Strike
2-1: Fly out, F7 (Flyball, 78S)
Batting: RHB Daniel Guerrero 0-0: SINGLE (Groundball, 4MD)
Batting: RHB Santiago Vallés 0-0: Called Strike
Daniel Guerrero steals 2nd base
0-1: Foul Ball, location: 2F
0-2: Foul Ball, location: 2F
0-2: Strikes out swinging
Batting: RHB Pablo Castillo 0-0: Ground out 5-3 (Groundball, 56)
Bottom of the 2nd over - 0 run(s), 1 hit(s), 0 error(s), 1 left on base; Albuquerque 4 - Walla Walla 0
TOP OF THE 3RD
Albuquerque Isotopes batting - Pitching for Walla Walla All-Stars : RHP William Tagg
Batting: LHB Juan Carlos Sánchez 0-0: Called Strike
0-1: SINGLE (Groundball, 34)
Batting: RHB Adrian Prouse 0-0: Ball
1-0: Swinging Strike
1-1: Ball
2-1: Ball
3-1: Base on Balls
Juan Carlos Sánchez to second
Batting: LHB Donald Camp 0-0: Called Strike
0-1: Fly out, F8 (Flyball, 8LM)
Batting: RHB Roberto Cardona 0-0: Ball
Passed Ball!
Juan Carlos Sánchez to third
Adrian Prouse to second
1-0: SINGLE (Groundball, 6MD) (infield hit)
Juan Carlos Sánchez scores
Adrian Prouse to third
Batting: RHB Len Burke 0-0: Called Strike
0-1: Fly out, F9 (Flyball, 89M)
Runner from 3rd tags up, SCORES, no throw
Batting: LHB Mark Vestal 0-0: Ball
1-0: Ball
2-0: Foul Ball, location: 2F
2-1: Swinging Strike
2-2: Strikes out swinging
Top of the 3rd over - 2 run(s), 2 hit(s), 0 error(s), 1 left on base; Albuquerque 6 - Walla Walla 0
BOTTOM OF THE 3RD
Walla Walla All-Stars batting - Pitching for Albuquerque Isotopes : RHP Juan Marín
Batting: LHB Bob Martin 0-0: Ball
1-0: Called Strike
1-1: Ball
2-1: Ball
3-1: Called Strike
3-2: Strikes out looking
Batting: LHB Mike Young 0-0: Ball
1-0: Ball
2-0: Called Strike
2-1: Ball
3-1: Fly out, F6 (Popup, 5D)
Batting: RHB Pablo Lucero 0-0: Foul Ball, location: 2F
0-1: Called Strike
0-2: Ball
1-2: Foul Ball, location: 2F
1-2: Foul Ball, location: 2F
1-2: Strikes out looking
Bottom of the 3rd over - 0 run(s), 0 hit(s), 0 error(s), 0 left on base; Albuquerque 6 - Walla Walla 0
TOP OF THE 4TH
Albuquerque Isotopes batting - Pitching for Walla Walla All-Stars : RHP William Tagg
Batting: RHB Adrián García 0-0: Ball
1-0: Ball
2-0: Ball
3-0: Called Strike
3-1: Base on Balls
Batting: LHB David Griffin 0-0: Called Strike
0-1: Ball
1-1: Foul Ball, location: 2F
1-2: Ball
2-2: SINGLE (Groundball, 34)
Adrián García to second
Batting: RHB Edward Young 0-0: Called Strike
0-1: 3-RUN HOME RUN (Flyball, 7LD), Distance : 355 ft
Pitching: RHP John Bowden
Batting: LHB Juan Carlos Sánchez 0-0: Ball
1-0: Ball
2-0: Ball
3-0: Base on Balls
Batting: RHB Adrian Prouse 0-0: Ball
1-0: Ball
2-0: Ball
3-0: Base on Balls
Juan Carlos Sánchez to second
Batting: LHB Donald Camp 0-0: Ball
1-0: Called Strike
1-1: Ball
2-1: Fielders Choice at 2nd, 4-6 (Groundball, 4)
Juan Carlos Sánchez to third
Batting: RHB Roberto Cardona 0-0: Foul Ball, location: 2F
0-1: Ball
1-1: Fly out, F4 (Line Drive, 4M)
1-1: Lined into DP, 4-3 (Line Drive, 4M)
Top of the 4th over - 3 run(s), 2 hit(s), 0 error(s), 1 left on base; Albuquerque 9 - Walla Walla 0
BOTTOM OF THE 4TH
Walla Walla All-Stars batting - Pitching for Albuquerque Isotopes : RHP Juan Marín
Batting: RHB Lorenzo Morín 0-0: Called Strike
0-1: Ball
1-1: Called Strike
1-2: Ground out 6-3 (Groundball, 6M)
Batting: RHB Claudio Guerra 0-0: Called Strike
0-1: Swinging Strike
0-2: Ball
1-2: Strikes out swinging
Batting: SHB Clinton Watson 0-0: Ground out U3 (Groundball, 3L)
Bottom of the 4th over - 0 run(s), 0 hit(s), 0 error(s), 0 left on base; Albuquerque 9 - Walla Walla 0
TOP OF THE 5TH
Albuquerque Isotopes batting - Pitching for Walla Walla All-Stars : RHP John Bowden
Batting: RHB Len Burke 0-0: Called Strike
0-1: Ball
1-1: Swinging Strike
1-2: Strikes out swinging
Batting: LHB Mark Vestal 0-0: Called Strike
0-1: Fly out, F1 (Line Drive, 13)
Batting: RHB Adrián García 0-0: Called Strike
0-1: Called Strike
0-2: Ball
1-2: Strikes out looking
Top of the 5th over - 0 run(s), 0 hit(s), 0 error(s), 0 left on base; Albuquerque 9 - Walla Walla 0
BOTTOM OF THE 5TH
Walla Walla All-Stars batting - Pitching for Albuquerque Isotopes : RHP Juan Marín
Batting: RHB Daniel Guerrero 0-0: Ball
1-0: Ball
2-0: Hit by Pitch
Batting: RHB Santiago Vallés 0-0: Ball
1-0: Foul Ball, location: 2F
1-1: Ball
2-1: Foul Ball, location: 2F
2-2: Ball
3-2: Fly out, F8 (Line Drive, 8LD)
Batting: RHB Pablo Castillo 0-0: Ball
1-0: Called Strike
1-1: Called Strike
1-2: Ball
Daniel Guerrero steals 2nd base
2-2: Strikes out swinging
Batting: LHB Bob Martin 0-0: Swinging Strike
0-1: Foul Ball, location: 2F
0-2: Foul Ball, location: 2F
0-2: Strikes out swinging
Bottom of the 5th over - 0 run(s), 0 hit(s), 0 error(s), 1 left on base; Albuquerque 9 - Walla Walla 0
TOP OF THE 6TH
Albuquerque Isotopes batting - Pitching for Walla Walla All-Stars : RHP John Bowden
Batting: LHB David Griffin 0-0: Ball
1-0: Fly out, F8 (Flyball, 8LM)
Batting: RHB Edward Young 0-0: Ball
1-0: Ball
2-0: TRIPLE (Flyball, 78XD)
Batting: LHB Juan Carlos Sánchez 0-0: DOUBLE (Line Drive, 9LS)
Edward Young scores
Batting: RHB Adrian Prouse 0-0: Called Strike
0-1: Called Strike
0-2: Ground out 6-3 (Groundball, 6MS)
Juan Carlos Sánchez to third
Batting: LHB Donald Camp 0-0: Swinging Strike
0-1: Called Strike
0-2: Ball
1-2: Foul Ball, location: 2F
1-2: Ball
2-2: SINGLE (Line Drive, 3L)
Juan Carlos Sánchez scores
Batting: RHB Roberto Cardona 0-0: Called Strike
Donald Camp steals 2nd base
0-1: Ball
1-1: Called Strike
1-2: Ball
2-2: SINGLE (Groundball, 34D)
Donald Camp to third
Runner from 3rd tries for Home, SAFE, no throw or cutoff
Batting: RHB Len Burke 0-0: Ball
1-0: Foul Ball, location: 2F
1-1: Ground out 4-3 (Groundball, 13)
Top of the 6th over - 3 run(s), 4 hit(s), 0 error(s), 1 left on base; Albuquerque 12 - Walla Walla 0
BOTTOM OF THE 6TH
Walla Walla All-Stars batting - Pitching for Albuquerque Isotopes : RHP Juan Marín
Batting: LHB Mike Young 0-0: Ball
1-0: Called Strike
1-1: Foul Ball, location: 2F
1-2: Ball
2-2: Strikes out swinging
Batting: RHB Pablo Lucero 0-0: Called Strike
0-1: Foul Ball, location: 2F
0-2: Ball
1-2: Strikes out looking
Batting: RHB Lorenzo Morín 0-0: Ball
1-0: Foul Ball, location: 2F
1-1: Ball
2-1: Ground out 4-3 (Groundball, 13)
Bottom of the 6th over - 0 run(s), 0 hit(s), 0 error(s), 0 left on base; Albuquerque 12 - Walla Walla 0
TOP OF THE 7TH
Albuquerque Isotopes batting - Pitching for Walla Walla All-Stars : RHP John Bowden
Pitching: RHP Chris Sullivan
Batting: LHB Mark Vestal 0-0: Ball
1-0: SOLO HOME RUN (Flyball, 9D), Distance : 382 ft
Batting: RHB Adrián García 0-0: Ball
1-0: Ground out U3 (Groundball, 3S)
Batting: LHB David Griffin 0-0: Ball
1-0: Ball
2-0: Ball
3-0: Base on Balls
Batting: RHB Edward Young 0-0: Called Strike
0-1: Called Strike
0-2: Strikes out swinging
Batting: LHB Juan Carlos Sánchez 0-0: Called Strike
0-1: Called Strike
0-2: Strikes out swinging
Top of the 7th over - 1 run(s), 1 hit(s), 0 error(s), 1 left on base; Albuquerque 13 - Walla Walla 0
BOTTOM OF THE 7TH
Walla Walla All-Stars batting - Pitching for Albuquerque Isotopes : RHP Juan Marín
Batting: RHB Claudio Guerra 0-0: Ball
1-0: Ball
2-0: Ball
3-0: Base on Balls
Batting: SHB Clinton Watson 0-0: Ball
1-0: Ball
2-0: Ball
3-0: Base on Balls
Claudio Guerra to second
Pitching: RHP Pepe Hernández
Batting: RHB Daniel Guerrero 0-0: Called Strike
0-1: Foul Ball, location: 2F
0-2: SINGLE (Line Drive, 89M)
Claudio Guerra to third
Clinton Watson to second
Batting: RHB Santiago Vallés 0-0: Called Strike
0-1: Ground out 5-3 (Groundball, 5S)
Claudio Guerra scores
Clinton Watson to third
Daniel Guerrero to second
Batting: RHB Pablo Castillo 0-0: Fly out, F7 (Flyball, 7M)
Runner from 3rd tags up, SCORES, throw made
Batting: LHB Bob Martin 0-0: Ground out 1-3 (Groundball, 15S)
Bottom of the 7th over - 2 run(s), 1 hit(s), 0 error(s), 1 left on base; Albuquerque 13 - Walla Walla 2
TOP OF THE 8TH
Albuquerque Isotopes batting - Pitching for Walla Walla All-Stars : RHP Chris Sullivan
Batting: RHB Adrian Prouse 0-0: Called Strike
0-1: Ball
1-1: Ball
2-1: Fly out, F8 (Flyball, 8RD)
Batting: LHB Donald Camp 0-0: Ball
1-0: Ball
2-0: Ball
3-0: Called Strike
3-1: Fly out, F5 (Popup, 5L)
Batting: RHB Roberto Cardona 0-0: Ball
1-0: Ball
2-0: Ball
3-0: Called Strike
3-1: SINGLE (Line Drive, 56D)
Batting: RHB Len Burke 0-0: Called Strike
0-1: Ball
Roberto Cardona is caught stealing 2nd base
Top of the 8th over - 0 run(s), 1 hit(s), 0 error(s), 0 left on base; Albuquerque 13 - Walla Walla 2
BOTTOM OF THE 8TH
Walla Walla All-Stars batting - Pitching for Albuquerque Isotopes : RHP Pepe Hernández
Batting: LHB Mike Young 0-0: Ball
1-0: Ball
2-0: DOUBLE (Line Drive, 78XD)
Batting: RHB Pablo Lucero 0-0: Ball
1-0: Fly out, F5 (Popup, 5SF)
Batting: RHB Lorenzo Morín 0-0: Ball
1-0: Foul Ball, location: 2F
1-1: Called Strike
1-2: Foul Ball, location: 2F
1-2: Ball
2-2: Fly out, F7 (Flyball, 78XD)
Runner from 2nd tags up, SAFE at 3rd, no throw
Batting: RHB Claudio Guerra 0-0: Ground out 4-3 (Groundball, 4)
Bottom of the 8th over - 0 run(s), 1 hit(s), 0 error(s), 1 left on base; Albuquerque 13 - Walla Walla 2
TOP OF THE 9TH
Albuquerque Isotopes batting - Pitching for Walla Walla All-Stars : RHP Chris Sullivan
Batting: RHB Len Burke 0-0: Called Strike
0-1: Foul Ball, location: 2F
0-2: Ball
1-2: Fly out, F9 (Flyball, 9S)
Batting: LHB Mark Vestal 0-0: Ball
1-0: Called Strike
1-1: Foul Ball, location: 2F
1-2: Strikes out swinging, 2-3 out at first.
Batting: RHB Adrián García 0-0: Called Strike
0-1: Ball
1-1: Swinging Strike
1-2: Foul Ball, location: 2F
1-2: Ball
2-2: Fly out, F8 (Flyball, 8RM)
Top of the 9th over - 0 run(s), 0 hit(s), 0 error(s), 0 left on base; Albuquerque 13 - Walla Walla 2
BOTTOM OF THE 9TH
Walla Walla All-Stars batting - Pitching for Albuquerque Isotopes : RHP Pepe Hernández
Batting: SHB Clinton Watson 0-0: Ball
1-0: Ball
2-0: Called Strike
2-1: Ball
3-1: Foul Ball, location: 2F
3-2: Base on Balls
Batting: RHB Daniel Guerrero 0-0: SINGLE (Line Drive, 7S)
Clinton Watson to second
Batting: RHB Santiago Vallés 0-0: DOUBLE (Groundball, 5L)
Clinton Watson scores
Daniel Guerrero to third
Runner from 3rd tries for Home, SAFE, no throw or cutoff
Batting: RHB Pablo Castillo 0-0: Ball
1-0: Ball
2-0: Ball
3-0: Called Strike
3-1: Foul Ball, location: 2F
3-2: Foul Ball, location: 2F
3-2: Base on Balls
Batting: LHB Bob Martin 0-0: Ball
1-0: Foul Ball, location: 2F
1-1: DOUBLE (Line Drive, 7LM)
Santiago Vallés scores
Pablo Castillo to third
Batting: LHB Mike Young 0-0: Called Strike
0-1: Swinging Strike
Reached via error on a dropped throw, E3
Pablo Castillo scores
Bob Martin to third
Batting: RHB Pablo Lucero
Pitching: RHP Arthur Smith 0-0: Foul Ball, location: 2F
0-1: Grounds into double play, 6-4-3 (Groundball, 6)
Bob Martin scores
Batting: RHB Lorenzo Morín 0-0: Ball
1-0: Fly out, F4 (Popup, 4MD)
Bottom of the 9th over - 5 run(s), 3 hit(s), 1 error(s), 0 left on base; Albuquerque 13 - Walla Walla 7
This league is powered by Out of the Park Baseball, the baseball management simulation game for PC, Mac and Linux
Wednesday, December 2nd, 2015 - OOTP Baseball 16.8 Build 38